 Dungeon Sprint DCSS version 0.30-a0-54-g2e61a25929 (webtiles) character file.

Game seed: 14440574260124245855

1294 Ankalagon the Black Belt (level 8, -5/63 HPs)
             Began as a Grey Draconian Monk on Sept 7, 2022.
             Was an Initiate of Gozag.
             Slain by a polar bear (21 damage)
             ... in the Dungeon (Sprint II: "The Violet Keep of Menkaure").
             The game lasted 00:01:52 (351 turns).

Ankalagon the Black Belt (Grey Draconian Monk)       Turns: 351, Time: 00:01:52

Health: -5/63      AC: 11    Str: 15    XL:     8   Next: 30%
Magic:  8/8        EV: 14    Int:  8    God:    Gozag
Gold:   720        SH:  0    Dex: 15    Spells: 7/7 levels left

rFire   . . .      SeeInvis .      - Unarmed
rCold   . . .      Faith    .    (no shield)
rNeg    . . .      Spirit   .    (body armour unavailable)
rPois   .          Reflect  .    (helmet restricted)
rElec   .          Harm     .    (no cloak)
rCorr   .          Rampage  .    (no gloves)
Will    .....      NoTele   +    (no boots)
Stlth   +++.......               (no amulet)
HPRegen 0.20/turn                (no ring)
MPRegen 0.11/turn                (no ring)

@: mighty, invisible
A: AC +11, amphibious, unfitting armour, cold-blooded, dopey 1, frail 1
a: Renounce Religion, Potion Petition, Call Merchant, Bribe Branch


You were in the Dungeon.
You worshipped Gozag.
Gozag was pleased with you.
You visited 1 branch You collected 972 gold pieces.
You paid 252 gold pieces to Gozag.

Inventory:

Scrolls
 g - a scroll of blinking
Potions
 a - a potion of ambrosia
 b - a potion of curing
 c - a potion of heal wounds
 e - 2 potions of magic


   Skills:
 + Level 6.7 Fighting
 + Level 5.5 Dodging
 + Level 5.5 Stealth
 + Level 16.0 Unarmed Combat


You had 7 spell levels left.
You didn't know any spells.
Your spell library was empty.

Dungeon Overview and Level Annotations

Branches:
Dungeon (1/1)

Altars:
Cheibriados
Dithmenos
Elyvilon
Fedhas
Gozag
Hepliaklqana
Kikubaaqudgha
Makhleb
Nemelex Xobeh
Okawaru
Qazlal
Ru
Sif Muna
Trog
Uskayaw
Vehumet
Wu Jian
Xom
Yredelemnul
Zin
The Shining One
Jiyva
Lugonu


Innate Abilities, Weirdness & Mutations

Your dull iron-grey scales are very hard. (AC +11)
You are amphibious.
You cannot fit into any form of body armour.
You are cold-blooded and may be slowed by cold attacks.
You are dopey. (Int -2)
You are frail. (-10% HP)


Message History

The polar bear claws you.
You punch the polar bear!
You tail-slap the polar bear, but do no damage.
The polar bear is moderately wounded.
The polar bear closely misses you.
The polar bear claws you but does no damage.
The polar bear barely misses you.
Okay, then.
Unknown command.
You pummel the polar bear!!
The polar bear is severely wounded.
You barely miss the polar bear.
You tail-slap the polar bear, but do no damage.
The polar bear is severely wounded.
The polar bear goes berserk!
You hit the polar bear but do no damage.
You tail-slap the polar bear, but do no damage.
The polar bear is severely wounded.
The polar bear bites you but does no damage.
The polar bear barely misses you. x2
You hit the polar bear.
Your tail-slap misses the polar bear.
The polar bear is severely wounded.
The polar bear closely misses you.
The polar bear claws you but does no damage.
The polar bear completely misses you.
You hit the polar bear.
The polar bear is severely wounded.
The polar bear bites you!!
* * * LOW HITPOINT WARNING * * *
The polar bear barely misses you.
The polar bear claws you but does no damage. [a] - 216 gold - might and brilliance [b] - 252 gold - invisibility and might [c] - 504 gold - heal wounds, curing, berserk rage and magic Purchase which effect?
You no longer have enough gold to fund merchants seeking to open stores in the dungeon.
You fade into invisibility!
You feel very mighty all of a sudden. The polar bear bites you!!
You die...
Your body crumbles into a pile of gold.

.. $ ## ###.####$ ^###
#.##..# ...# ...# ##
#...####..## #.^# $
##.###'###.##..# +..# y
#...##.##c.##..# $#..# .
+.#.'.<@h##.hc.####..##.
#.).##.##hh##....###^..#
##.###÷###.##..c...~~~~~
####÷#.####~~.....~#'##
$ #..#..#~~~~§~§..~#...
$ $
##...##~~~~~~~~.~#... $
$ ##+##~~~≈≈§§§~~~#...
~~~~~~≈≈≈§§§~#.._
+++#~§§§≈§≈§§#._.


You could see 3 polar bears and a yaktaur (unable to see you).

Vanquished Creatures
  A merfolk siren (D)
  4 neqoxecs (D)
  4 scorpions (D)
  4 necrophages (D)
13 creatures vanquished.

Vanquished Creatures (others)
  A water moccasin (D)
1 creature vanquished.

Grand Total: 14 creatures vanquished

Notes
Turn   | Place    | Note
-------+----------+-------------------------------------------
     0 | D        | Ankalagon the Draconian Monk began the quest for the Orb.
     0 | D        | Reached XP level 1. HP: 19/19 MP: 1/1
     1 | D        | Noticed a scorpion
     1 | D        | Noticed a scorpion
     1 | D        | Noticed a scorpion
     1 | D        | Noticed a scorpion
     4 | D        | Noticed a necrophage
     4 | D        | Noticed a necrophage
     4 | D        | Noticed a necrophage
     4 | D        | Noticed a necrophage
    11 | D        | Killed a necrophage
    12 | D        | Reached skill level 7 in Unarmed Combat
    12 | D        | Reached XP level 2. HP: 26/26 MP: 2/2
    12 | D        | Reached XP level 3. HP: 31/31 MP: 3/3
    15 | D        | Killed a necrophage
    16 | D        | Reached skill level 9 in Unarmed Combat
    16 | D        | Reached XP level 4. HP: 38/38 MP: 4/4
    25 | D        | Killed a necrophage
    26 | D        | Reached skill level 11 in Unarmed Combat
    26 | D        | Reached XP level 5. HP: 38/45 MP: 5/5
    35 | D        | Reached skill level 12 in Unarmed Combat
   111 | D        | Killed a water moccasin
   231 | D        | Noticed a merfolk siren
   245 | D        | Killed a merfolk siren
   246 | D        | Reached skill level 15 in Unarmed Combat
   246 | D        | Reached XP level 6. HP: 51/51 MP: 6/6
   246 | D        | Your scales start taking on a dull iron-grey colour.
   246 | D        | Reached XP level 7. HP: 57/57 MP: 7/7
   251 | D        | Noticed a neqoxec
   251 | D        | Noticed a neqoxec
   251 | D        | Noticed a neqoxec
   251 | D        | Noticed a neqoxec
   253 | D        | Gained mutation: You are dopey. (Int -2) [a neqoxec]
   254 | D        | Killed a neqoxec
   257 | D        | Killed a neqoxec
   258 | D        | Reached skill level 5 in Fighting
   261 | D        | Killed a neqoxec
   265 | D        | Gained mutation: You are frail. (-10% HP) [a neqoxec]
   266 | D        | Killed a neqoxec
   267 | D        | Reached XP level 8. HP: 53/63 MP: 8/8
   284 | D        | Reached skill level 5 in Dodging
   284 | D        | Reached skill level 5 in Stealth
   293 | D        | Reached skill level 16 in Unarmed Combat
   311 | D        | Found a snail-covered altar of Cheibriados.
   312 | D        | Found a shadowy altar of Dithmenos.
   312 | D        | Found a viscous altar of Jiyva.
   312 | D        | Found a hazy altar of Hepliaklqana.
   313 | D        | Found a white marble altar of Elyvilon.
   313 | D        | Found an ancient bone altar of Kikubaaqudgha.
   313 | D        | Found a sacrificial altar of Ru.
   314 | D        | Found a blossoming altar of Fedhas.
   314 | D        | Found a corrupted altar of Lugonu.
   314 | D        | Found a shimmering blue altar of Sif Muna.
   315 | D        | Found an opulent altar of Gozag.
   315 | D        | Found a burning altar of Makhleb.
   315 | D        | Found a bloodstained altar of Trog.
   316 | D        | Found a sparkling altar of Nemelex Xobeh.
   316 | D        | Found a hide-covered altar of Uskayaw.
   317 | D        | Found a basalt altar of Yredelemnul.
   318 | D        | Found an iron altar of Okawaru.
   318 | D        | Found a radiant altar of Vehumet.
   318 | D        | Found a glowing silver altar of Zin.
   318 | D        | Found a shimmering altar of Xom.
   319 | D        | Found a stormy altar of Qazlal.
   319 | D        | Found an ornate altar of the Wu Jian Council.
   319 | D        | Found a glowing golden altar of the Shining One.
   324 | D        | Became a worshipper of Gozag Ym Sagoz the Greedy
   328 | D        | Noticed a yaktaur
   328 | D        | Noticed a hornet
   328 | D        | Noticed a polar bear
   328 | D        | Noticed a polar bear
   329 | D        | Noticed a polar bear
   351 | D        | Slain by a polar bear

Illustrated notes

Levels and vault maps discovered:
D:        the_violet_keep_of_menkaure [sprint2_stairs_cluster_1,
          sprint2_shoproom, sprint2_temple, sprint2_basic_supplies,
          sprint2_obstacle_4, sprint2_obstacle_1, sprint2_obstacle_7,
          sprint2_obstacle_2, sprint2_obstacle_5, sprint2_timed_cluster_1,
          sprint2_smallroom_cluster_1, sprint2_smallroom_final_cluster_1,
          sprint2_transparent_cluster_1, sprint2_second_timed_cluster_1,
          sprint2_sniper_area_1, sprint2_heavy_combat_area_1,
          sprint2_mutation_trap_area_1, sprint2_forest_area_1,
          sprint2_light_combat_area_1, sprint2_behind_water_1,
          sprint2_near_end_vault_1]

Skill      XL: |  1  2  3  4  5  6  7  8 |
---------------+-------------------------+-----
Unarmed Combat | 7 9 11 15 16 | 16.0
Fighting       | 6 |  6.7
Dodging        | 4 5 |  5.5
Stealth        | 4 5 |  5.5

Action                   |  1- 3 |  4- 6 |  7- 9 || total
-------------------------+-------+-------+-------++-------
Melee: Unarmed           |     8 |    30 |    46 ||    84
       Tailslap          |     3 |     5 |     9 ||    17
       Punch             |       |     3 |     3 ||     6
Invok: Potion Petition   |       |       |     1 ||     1
  Use: Potion            |     1 |     1 |       ||     2
Armor: Skin              |     5 |     1 |    15 ||    21
Dodge: Dodged            |     2 |    10 |    23 ||    35

Table legend: (Time is in decaauts)
 A = Elapsed time spent in this place.
 B = Non-inter-level travel time spent in this place.
 C = Inter-level travel time spent in this place.
 D = Time resting spent in this place.
 E = Time spent auto-exploring this place.
 F = Levels seen in this place.
 G = Mean time per level.
                   A        B        C        D        E       F      G
               +--------+--------+--------+--------+--------+-----+--------+
         Total |    323 |    323 |      0 |    196 |      0 |   1 |  323.0 |
       Dungeon |    323 |    323 |      0 |    196 |      0 |   1 |  323.0 |
               +--------+--------+--------+--------+--------+-----+--------+

Top non-repeatable levels by time:
       D: 323 daAuts
